 Dungeon Crawl Stone Soup version 0.29-a0-723-gce39da1c22 (webtiles) character file.

Game seed: 1404015121812378123

3 HoaS the Shooter (level 1, 0/12 HPs)
             Began as a Tengu Hunter on June 28, 2022.
             Constricted to death by a ball python (1 damage)
             ... on level 1 of the Dungeon.
             The game lasted 00:01:04 (116 turns).

HoaS the Shooter (Tengu Hunter)                      Turns: 116, Time: 00:01:04

Health: 0/12       AC:  3    Str: 11    XL:     1   Next: 50%
Magic:  2/2        EV:  9    Int:  9    God:
Gold:   12         SH:  0    Dex: 17    Spells: 0/0 levels left

rFire   . . .      SeeInvis .   (no weapon)
rCold   . . .      Faith    .   (no shield)
rNeg    . . .      Spirit   .   c - +0 leather armour
rPois   .          Reflect  .   (helmet restricted)
rElec   .          Harm     .   (no cloak)
rCorr   .          Rampage  .   (no gloves)
Will    .....                   (boots unavailable)
Stlth   ++........              (no amulet)
HPRegen 0.04/turn               (no ring)
MPRegen 0.08/turn               (no ring)

@: constricted
A: beak, talons 3
a: no special abilities


You were on level 1 of the Dungeon.
You visited 1 branch of the dungeon, and saw 1 of its levels.

You collected 12 gold pieces.

Inventory:

Armour
 c - a +0 leather armour (worn)
Jewellery
 a - a ring of flight
Scrolls
 b - a scroll of immolation
 d - a scroll of blinking {unknown}
 e - a scroll of poison {unknown}


   Skills:
 + Level 2.0 Fighting
 + Level 4.4 Ranged Weapons
 + Level 2.2 Dodging
 + Level 1.1 Stealth


You couldn't memorise any spells.
You didn't know any spells.
Your spell library was empty.

Dungeon Overview and Level Annotations

Branches:
Dungeon (1/15)

Altars:


Innate Abilities, Weirdness & Mutations

You have a beak for a mouth.
You have claws for feet.


Message History

You hit the hobgoblin but do no damage. You claw the hobgoblin!
You kill the hobgoblin!
a - a ring of flight Saving game... please wait.
Welcome back, HoaS the Tengu Hunter.
Press ? for a list of commands and other information.
Found 12 gold pieces.
f - a +0 shortbow
f - a +0 shortbow (weapon)
You shoot a +0 shortbow.
You are now empty-handed.
f - a +0 shortbow
f - a +0 shortbow (weapon)
You now have 12 gold pieces.
Found a ring mail.
You see here a +0 ring mail.
A ball python comes into view.
You shoot a +0 shortbow.
The +0 shortbow hits the ball python but does no damage.
The ball python hisses angrily.
You are now empty-handed.
The ball python bites you but does no damage.
The ball python completely misses you. The ball python barely misses you. x2
The ball python bites you but does no damage.
The ball python completely misses you. The ball python barely misses you.
The ball python closely misses you. The ball python bites you.
The ball python grabs you. The ball python constricts you.
The ball python barely misses you. The ball python constricts you.
The ball python bites you but does no damage.
The ball python constricts you. The ball python closely misses you.
The ball python constricts you. The ball python barely misses you.
The ball python constricts you. The ball python bites you.
The ball python constricts you.
The ball python bites you but does no damage.
The ball python constricts you. The ball python bites you.
* * * LOW HITPOINT WARNING * * *
The ball python constricts you.
You die...

##.##......#
#.##........ #
#.##......## #.
#.##.......
#####. #.#
#.###.#
......###[# .
###.......# ...
..........#.)...
........@S......
.........##.....
.....##.## .....
####. ?.# .... #
#### .... ...


You could see a ball python.

Vanquished Creatures
  An endoplasm (D:1)
  A hobgoblin (D:1)
  A frilled lizard (D:1)
3 creatures vanquished.

Vanquished Creatures (others)
  A plant (D:1)
1 creature vanquished.

Grand Total: 4 creatures vanquished

Notes
Turn   | Place    | Note
-------+----------+-------------------------------------------
     0 | D:1      | HoaS the Tengu Hunter began the quest for the Orb.
     0 | D:1      | Reached XP level 1. HP: 12/12 MP: 2/2
   116 | D:1      | Constricted to death by a ball python

Illustrated notes

Levels and vault maps discovered:
D:1:      denvon_arrival_planthouse, layout_basic,
          shapermc_ecumenical_altar_acropolis

Action                   || total
-------------------------++-------
Melee: Unarmed           ||    11
       Kick              ||     4
       Peck              ||     2
 Fire: Shortbow          ||     5
Armor: Leather armour    ||     6
Dodge: Dodged            ||    11

Table legend: (Time is in decaauts)
 A = Elapsed time spent in this place.
 B = Non-inter-level travel time spent in this place.
 C = Inter-level travel time spent in this place.
 D = Time resting spent in this place.
 E = Time spent auto-exploring this place.
 F = Levels seen in this place.
 G = Mean time per level.
                   A        B        C        D        E       F      G
               +--------+--------+--------+--------+--------+-----+--------+
         Total |    116 |    116 |      0 |      0 |     54 |   1 |  116.0 |
       Dungeon |    116 |    116 |      0 |      0 |     54 |   1 |  116.0 |
               +--------+--------+--------+--------+--------+-----+--------+

Top non-repeatable levels by time:
     D:1: 116 daAuts
